 Dungeon Crawl Stone Soup version 0.26.1-2-gb8aa6d0cf2 (webtiles) character file.

Game seed: 16269058292462663317

2861 Groucho the Fighter (level 9, -13/53 HPs)
             Began as a Gargoyle Fighter on Feb 24, 2021.
             Was a Follower of Hepliaklqana.
             Killed from afar by a swamp worm (16 damage)
             ... with a harpoon shot
             ... on level 9 of the Dungeon.
             The game lasted 00:11:24 (8783 turns).

Groucho the Fighter (Gargoyle Fighter)              Turns: 8783, Time: 00:11:25

Health: -13/53     AC: 15    Str: 22    XL:     9   Next: 75%
Magic:  9/9        EV:  8    Int:  9    God:    Hepliaklqana [*.....]
Gold:   413        SH: 11    Dex: 10    Spells: 8/8 levels left

rFire    . . .     SeeInvis .   a - +0 war axe
rCold    . . .     Faith    .   c - +0 kite shield
rNeg     + . .     Spirit   .   b - +0 scale mail
rPois    ∞         Reflect  .   (no helmet)
rElec    +         Harm     .   (no cloak)
rCorr    .         Rampage  .   (no gloves)
Will     .....                  s - +0 pair of boots (curse)
Stlth    ..........             (no amulet)
HPRegen  0.17/turn              (no ring)
MPRegen  0.11/turn              (no ring)

@: no status effects
A: reduced essence, negative energy resistance 1, electricity resistance,
unbreathing, petrification resistance, miasma immunity, AC +6
a: Renounce Religion, Recall Ancestor, Ancestor Identity


You were on level 9 of the Dungeon.
You worshipped Hepliaklqana.
Hepliaklqana was aware of your devotion.
You visited 2 branches of the dungeon, and saw 8 of its levels.
You also visited: Sewer.

You collected 413 gold pieces.

Inventory:

Hand Weapons
 a - a +0 war axe (weapon)
Missiles
 g - 23 poisoned darts (quivered)
 n - 4 silver boomerangs
 p - 3 boomerangs
Armour
 b - a +0 scale mail (worn)
 c - a +0 kite shield (worn)
 s - a cursed +0 pair of boots (worn)
Jewellery
 m - an uncursed ring of ice {unknown}
 r - an uncursed ring of ice {unknown}
 y - a cursed ring of attention {unknown}
Wands
 B - a wand of flame (15)
Scrolls
 e - 5 scrolls of identify {unknown}
 f - 2 scrolls of random uselessness {unknown}
 h - 7 scrolls of teleportation {unknown}
 k - 2 scrolls of noise {unknown}
 l - 3 scrolls of enchant weapon {unknown}
 u - 8 scrolls of magic mapping {unknown}
 v - 2 scrolls of fog {unknown}
 x - a scroll of blinking {unknown}
 A - a scroll of amnesia {unknown}
Potions
 d - 2 potions of might
 i - 2 potions of brilliance
 j - a potion of ambrosia {unknown}
 o - a potion of invisibility {unknown}
 q - 6 potions of magic {unknown}
 t - a potion of resistance {unknown}
 w - a potion of haste {unknown}
 z - 2 potions of curing


   Skills:
 + Level 8.0 Fighting
 + Level 6.2 Axes
 + Level 7.9 Armour
 + Level 7.9 Shields


You had 8 spell levels left.
You didn't know any spells.
Your spell library was empty.

Dungeon Overview and Level Annotations

Branches:
Dungeon (6/15)             Temple (1/1) D:5           Sewer (visited)

Altars:
Ashenzari
Dithmenos
Fedhas
Hepliaklqana
Kikubaaqudgha
Nemelex Xobeh
Okawaru
Qazlal
Ru
Sif Muna
Trog
Uskayaw
Vehumet
Wu Jian
Xom
The Shining One


Innate Abilities, Weirdness & Mutations

You are resistant to torment.
Your stone body is resilient. (AC +6)
You are immune to poison.
You resist negative energy. (rN+)
You are resistant to electric shocks. (rElec)
You can survive without breathing.
You are immune to petrification.
You are immune to miasma.
Your life essence is reduced to manifest your ancestor. (-10% HP)


Message History

The swamp worm fires a harpoon shot at you.
The harpoon shot hits you!
You are yanked forward by the harpoon shot.
You barely miss the swamp worm. You block the swamp worm's attack.
The swamp worm bites you!
* * * LOW HITPOINT WARNING * * *
You swap places.
The swamp worm barely misses Tlalli.
Tlalli closely misses the swamp worm.
The swamp worm fires a harpoon shot at you.
The harpoon shot hits Tlalli!
Tlalli hits the swamp worm.
The swamp worm fires a harpoon shot at you.
You block the harpoon shot.
Tlalli hits the swamp worm.
The swamp worm fires a harpoon shot at you.
The harpoon shot hits you.
* * * LOW HITPOINT WARNING * * *
You are yanked forward by the harpoon shot.
Tlalli hits the swamp worm but does no damage.
The swamp worm fires a harpoon shot at you.
The harpoon shot hits you!
You die...

.............##
..............#
.............#
............ ##
......... ..#
#.....##...#
#...w......# ..
####..R.# #..
###...@...# #≈
#..##.##......# ##≈
.......#......# #≈≈
#...#..†...# ##≈≈
####.().....##
##≈≈.###.###(†#(...#
≈≈≈≈......(..)##....#
≈≈≈....####...##...##
......### #...######


You could see the friendly Tlalli the ancestor and a swamp worm.

Vanquished Creatures
  Sigmund (D:3)
  Edmund (D:4)
  An orc warrior (D:9)
  3 sky beasts
  2 ice beasts
  A phantom (D:5)
  2 ogres (D:9)
  A centaur (D:6)
  A big kobold (D:9)
  2 bullfrogs (Sewer)
  A howler monkey (D:5)
  A centaur zombie (D:3)
  6 hounds
  A jelly (D:5)
  A gnoll shaman (D:5)
  7 orc priests
  8 orc wizards
  A centaur skeleton (D:4)
  2 iguanas (D:9)
  4 worker ants
  A hound skeleton (D:6)
  2 worker ant zombies
  6 gnolls
  19 adders
  7 river rats (Sewer)
  A shadow imp (D:9)
  An ufetubus (D:9)
  2 oozes
  A worm (D:5)
  A dart slug (D:1)
  2 leopard geckos
  29 orcs
  6 ball pythons (Sewer)
  A giant cockroach (D:5)
  5 goblins
  5 hobgoblins (D:1)
  4 jackals (D:3)
  A quokka (D:2)
  8 bats
  5 frilled lizards
  13 kobolds
  A leopard gecko skeleton (D:4)
  28 rats
196 creatures vanquished.

Vanquished Creatures (collateral kills)
  A sky beast (D:9)
  2 adders (D:6)
  2 orcs (D:9)
5 creatures vanquished.

Vanquished Creatures (others)
  An ancestor (D:9)
  4 plants (D:9)
5 creatures vanquished.

Grand Total: 206 creatures vanquished

Notes
Turn   | Place    | Note
-------+----------+-------------------------------------------
     0 | D:1      | Groucho the Gargoyle Fighter began the quest for the Orb.
     0 | D:1      | Reached XP level 1. HP: 14/14 MP: 1/1
   377 | D:1      | Reached XP level 2. HP: 19/19 MP: 2/2
   814 | D:1      | Reached XP level 3. HP: 23/23 MP: 3/3
  1277 | D:2      | Found a shadowy altar of Dithmenos.
  1764 | D:3      | Reached skill level 4 in Fighting
  1764 | D:3      | Reached XP level 4. HP: 14/29 MP: 4/4
  2164 | D:3      | Reached XP level 5. HP: 28/33 MP: 5/5
  3524 | D:3      | Noticed Sigmund
  3544 | D:3      | Killed Sigmund
  3545 | D:3      | Reached XP level 6. HP: 31/40 MP: 6/6
  4175 | D:3      | Reached skill level 5 in Fighting
  4175 | D:3      | Reached skill level 5 in Armour
  4192 | D:4      | Reached skill level 5 in Shields
  4371 | D:4      | Reached XP level 7. HP: 30/44 MP: 7/7
  5004 | D:4      | Noticed Edmund
  5024 | D:4      | Killed Edmund
  5281 | D:4      | Reached XP level 8. HP: 45/51 MP: 8/8
  5705 | D:5      | Entered Level 5 of the Dungeon
  5710 | D:5      | Found a glowing drain.
  5757 | D:5      | Reached skill level 6 in Fighting
  6244 | Sewer    | Entered a sewer
  6650 | Sewer    | Reached skill level 5 in Axes
  7327 | D:5      | Found a staircase to the Ecumenical Temple.
  7334 | D:5      | Reached skill level 7 in Fighting
  7334 | D:5      | Reached XP level 9. HP: 54/57 MP: 9/9
  7496 | Temple   | Entered the Ecumenical Temple
  7613 | D:5      | Found a bloodstained altar of Trog.
  7794 | D:5      | Found a hazy altar of Hepliaklqana.
  7828 | D:5      | Became a worshipper of Hepliaklqana the Forgotten
  8139 | D:6      | Found a sparkling altar of Nemelex Xobeh.
  8416 | D:6      | You fall into a shaft and drop 3 floors!
  8700 | D:9      | Reached * piety under Hepliaklqana
  8773 | D:9      | Reached skill level 8 in Fighting
  8783 | D:9      | Killed from afar by a swamp worm

Illustrated notes

Levels and vault maps discovered:
D:1:      elethiomel_arrival_shortcut, layout_loops_corners
D:2:      layout_rooms, grunt_dithmenos_smoke_and_mirrors
D:3:      layout_basic, roderic_serpentine_path, uniq_sigmund
D:4:      layout_rooms, uniq_edmund
D:5:      layout_basic, kennysheep_mini_moat, nicolae_overflow_crystal_walls,
          minmay_temple_entry_proselytizer, cheibrodos_sewer_entry_drain
D:6:      layout_rooms, general_overflow_altar
D:9:      layout_cave_pools, kennysheep_mini, lair_entry_dummy, worms_lemuel,
          uniq_erolcha
Temple:   nicolae_temple_hex_pool

Skill      XL: |  1  2  3  4  5  6  7  8  9 |
---------------+----------------------------+-----
Axes           | 2 3 4 5 6 |  6.2
Fighting       | 4 5 7 8 |  8.0
Armour         | 4 5 7 |  7.9
Shields        | 4 5 6 7 |  7.9

Action                   |  1- 3 |  4- 6 |  7- 9 || total
-------------------------+-------+-------+-------++-------
Melee: War axe           |   151 |    84 |   462 ||   697
Invok: Recall Ancestor   |       |       |     1 ||     1
  Use: Potion            |       |     3 |       ||     3
Armor: Scale mail        |    95 |    51 |   306 ||   452
Dodge: Dodged            |    48 |    31 |   186 ||   265
Block: Kite shield       |    79 |    61 |   335 ||   475
